 Dungeon Crawl Stone Soup version 0.31-a0-1570-g93c622d222 (webtiles) character file.

Game seed: 14538471253882993299

18 Flugslaktarn the Apothecary (level 2, 0/17 HPs)
             Began as an Octopode Alchemist on Jan 3, 2024.
             Succumbed to an adder's poison
             ... on level 2 of the Dungeon.
             The game lasted 00:00:55 (479 turns).

Flugslaktarn the Apothecary (Octopode Alchemist)     Turns: 479, Time: 00:00:56

Health: 0/17       AC:  1    Str:  4 (7)  XL:     2   Next: 66%
Magic:  1/5        EV: 13    Int: 15 (17) God:
Gold:   82         SH:  0    Dex: 10 (12) Spells: 4/5 levels left

rFire   . . .        c - +0 orcbow
rCold   . . .        (shield currently unavailable)
rNeg    . . .        (helmet restricted)
rPois   .            (no amulet)
rElec   .            (no ring)
rCorr   .            (no ring)
SInv    .            (no ring)
Will    .....        (no ring)
Stlth   +++          (no ring)
HPRegen 0.22/turn    (no ring)
MPRegen 0.09/turn    (no ring)
                     (no ring)

%: no passive effects
@: lethally poisoned (0 -> -4)
A: almost no armour, amphibious, 8 rings, camouflage 1, gelatinous body 1,
(nimble swimmer 1), tentacles
a: no special abilities


You were on level 2 of the Dungeon.
You visited 1 branch of the dungeon, and saw 2 of its levels.

You collected 82 gold pieces.

Inventory:

Hand Weapons
 c - a +0 orcbow (weapon)
   (You found it on level 1 of the Dungeon)
Scrolls
 b - 2 scrolls of amnesia {unknown}
 d - a scroll of teleportation {unknown}
 e - a scroll of immolation {unknown}
 f - a scroll of identify {unknown}
 g - a scroll of blinking {unknown}
Potions
 a - a potion of magic


   Skills:
 - Level 2.0 Dodging
 - Level 2.6 Stealth
 + Level 2.3 Spellcasting
 - Level 1.0 Conjurations
 * Level 4.0 Alchemy


You had 4 spell levels left.
You knew the following spells:

 Your Spells              Type           Power      Damage    Failure   Level
a - Sting                 Conj/Alch      36%        1d5       8%          1

Your spell library contained the following spells:

 Spells                   Type           Power      Damage    Failure   Level
 Mercury Vapours          Alch/Air       14%        N/A       14%         2
 Mephitic Cloud           Conj/Alch/Air  6%         N/A       32%         3
 Olgreb's Toxic Radiance  Alch           13%        N/A       38%         4
 Volatile Blastmotes      Fire/Tloc      2%         2d10      54%         3
 Fulminant Prism          Conj/Alch      4%         3d5       58%         4
 Sticky Flame             Fire/Alch      7%         2d4       67%         4
 Iskenderun's Mystic Bla  Conj/Tloc      3%         2d3       86%         4


Dungeon Overview and Level Annotations

Branches:
Dungeon (2/15)

Altars:


Innate Abilities, Weirdness & Mutations

You cannot wear most types of armour.
You are amphibious.
You can wear up to eight rings at the same time.
Your skin changes colour to match your surroundings (Stealth+).
Your rubbery body absorbs attacks. (AC +1, EV +1)
((You are camouflaged when in or above water. (Stealth+)))
You have tentacles for arms and can constrict up to eight enemies at once.


Message History

Aim: a rat (71% to hit)
The sting hits the rat.
The rat is poisoned.
You kill the rat!
Your Alchemy skill increases to level 4!
Found a dagger.
You see here a +0 dagger.
A bat comes into view.
A bat is nearby!
Casting: Sting (safe; 7% risk of failure)
Confirm with . or Enter, or press ? or * to list all spells.
You can't see any susceptible monsters within range! (Use Z to cast anyway.)
You shoot an arrow.
The arrow hits the bat but does no damage.
You shoot an arrow. The arrow completely misses the bat.
The bat closely misses you. The bat barely misses you.
You shoot an arrow.
The arrow hits the bat but does no damage.
The bat completely misses you. The bat misses you.
You shoot an arrow. The arrow misses the bat.
The bat completely misses you.
You shoot an arrow. The arrow completely misses the bat.
The bat hits you. The bat misses you.
You shoot an arrow. The arrow misses the bat.
The bat hits you. x2
You shoot an arrow. The arrow barely misses the bat.
The bat closely misses you. x3
Casting: Sting (safe; 7% risk of failure)
Confirm with . or Enter, or press ? or * to list all spells.
Aiming: Sting (safe; 7% risk of failure)
Press: ? - help, Shift-Dir - straight line, f/p - bat
Aim: a bat (57% to hit)
The sting misses the bat.
The bat closely misses you.
Casting: Sting (safe; 7% risk of failure)
Confirm with . or Enter, or press ? or * to list all spells.
Aiming: Sting (safe; 7% risk of failure)
Press: ? - help, Shift-Dir - straight line, f/p - bat
Aim: a bat (57% to hit)
The sting misses the bat.
The bat barely misses you.
Casting: Sting (safe; 7% risk of failure)
Confirm with . or Enter, or press ? or * to list all spells.
Aiming: Sting (safe; 7% risk of failure)
Press: ? - help, Shift-Dir - straight line, f/p - bat
Aim: a bat (57% to hit)
The sting hits the bat.
The bat is poisoned.
You kill the bat!
HP restored.
Found 3 stones.
A rat comes into view.
A rat is nearby!
Casting: Sting (safe; 7% risk of failure)
Confirm with . or Enter, or press ? or * to list all spells.
You can't see any susceptible monsters within range! (Use Z to cast anyway.)
You shoot an arrow. The arrow hits the rat.
You kill the rat!
Casting: Sting (safe; 7% risk of failure)
Confirm with . or Enter, or press ? or * to list all spells.
You can't see any susceptible monsters within range! (Use Z to cast anyway.)
Found 6 stones.
Found a stone staircase leading down.
No target in view!
Found a ring mail.
An endoplasm comes into view.
The endoplasm quivers.
There is a stone staircase leading down here.
You climb downwards.
There is a stone staircase leading up here.
An adder comes into view.
The adder bites you.
An adder is nearby!
You shoot an arrow. The arrow closely misses the adder.
The adder closely misses you. The adder misses you.
You shoot an arrow. The arrow barely misses the adder.
The adder closely misses you. The adder barely misses you.
Casting: Sting (safe; 7% risk of failure)
Confirm with . or Enter, or press ? or * to list all spells.
Aiming: Sting (safe; 7% risk of failure)
Press: ? - help, Shift-Dir - straight line, f/p - adder
Aim: an adder (53% to hit)
The sting misses the adder.
The adder bites you.
You are poisoned.
The adder poisons you!
Casting: Sting (safe; 7% risk of failure)
Confirm with . or Enter, or press ? or * to list all spells.
Aiming: Sting (safe; 7% risk of failure)
Press: ? - help, Shift-Dir - straight line, f/p - adder
Aim: an adder (53% to hit)
The sting hits the adder but does no damage.
The adder is poisoned.
You feel sick. The adder bites you.
Casting: Sting (safe; 7% risk of failure)
Confirm with . or Enter, or press ? or * to list all spells.
Aiming: Sting (safe; 7% risk of failure)
Press: ? - help, Shift-Dir - straight line, f/p - adder
Aim: an adder (poisoned, 53% to hit)
The sting hits the adder.
The adder looks even sicker.
The adder is lightly wounded.
You feel sick. The adder bites you.
* * * LOW HITPOINT WARNING * * *
The adder bites you.
* * * LOW HITPOINT WARNING * * *
It was a potion of degeneration.
There was something very wrong with that liquid.
You feel weakened.
You feel dopey.
You feel clumsy.
You die...

.# #.. ... ########.###
.............######
.#.<.)†..# #...S..#######
.##......# #@.......#
.........#######........#
###.....................#
#......#######........#
#......# #...<....#
#......# #........#
######## ##########


You could see an adder (very poisoned).

Vanquished Creatures
  A dart slug (D:1)
  An endoplasm (D:1)
  2 hobgoblins
  A kobold (D:1)
  2 ball pythons (D:1)
  3 bats (D:1)
  A frilled lizard (D:1)
  3 goblins
  3 rats (D:1)
17 creatures vanquished.

Notes
Turn   | Place    | Note
-------+----------+-------------------------------------------
     0 | D:1      | Flugslaktarn the Octopode Alchemist began the quest for the
                  | Orb.
     0 | D:1      | Reached XP level 1. HP: 11/11 MP: 3/3
   109 | D:2      | Reached XP level 2. HP: 17/17 MP: 5/5
   423 | D:1      | Reached skill level 4 in Alchemy
   479 | D:2      | Succumbed to an adder's poison

Illustrated notes

Levels and vault maps discovered:
D:1:      roadster_arrival_rocket_small, layout_loops_ring, minmay_box_of_dots
D:2:      layout_rooms, serial_shops, nicolae_shop_tiny_statue_garden,
          hex_intersection, nicolae_eternal_life

Skill      XL: |  1  2 |
---------------+-------+-----
Alchemy        | 4 |  4.0
Dodging        | |  2.0
Stealth        | |  2.6
Spellcasting   | |  2.3
Conjurations   | |  1.0

Action                     || total
---------------------------++-------
   Fire: Orcbow            ||    24
   Cast: Sting             ||    15
    Use: Potion            ||     1
 Armour: Skin              ||    12
  Dodge: Dodged            ||    29

Table legend: (Time is in decaauts)
 A = Elapsed time spent in this place.
 B = Non-inter-level travel time spent in this place.
 C = Inter-level travel time spent in this place.
 D = Time resting spent in this place.
 E = Time spent auto-exploring this place.
 F = Levels seen in this place.
 G = Mean time per level.
                   A        B        C        D        E       F      G
               +--------+--------+--------+--------+--------+-----+--------+
         Total |    489 |    473 |     16 |      0 |    285 |   2 |  244.5 |
       Dungeon |    489 |    473 |     16 |      0 |    285 |   2 |  244.5 |
               +--------+--------+--------+--------+--------+-----+--------+

Top non-repeatable levels by time:
     D:1: 381 daAuts
     D:2: 108 daAuts
